Cogmind - Beta 16 @@@ ROGUE MODE // 2025.11.30 @ 02:01:01 Player: ivanmixo Result: Destroyed by as-90860 with Assembled Rifle Performance ------------- Evolutions (0) 0 Regions Visited (2) 400 Robots Destroyed (19) 95 Value Destroyed (475) 475 Prototype IDs (0) 0 Alien Tech Used (0) 0 Bonus (0) 0 TOTAL SCORE: 970 Bonus ------- None Cogmind --------- Core Integrity 0/250 Matter 300/300 Energy 160/160 System Corruption 0% Temperature Cool (66) Movement Core (500) Ox9 Location -10/Mines Parts ------- > --- POWER (1) -------- Light Nuclear Core > --- PROPULSION (2) --- (None) > --- UTILITY (2) ------ Improved Heat Sink Large Storage Unit > --- WEAPON (2) ------- Particle Gun > --- INVENTORY (15) --- Light Ion Engine Small Storage Unit Medium Storage Unit Medium Matter Pod (100) Targeting Computer Assault Rifle Assault Rifle Assault Rifle Assault Rifle Peak State ------------ > --- POWER ------------ Light Nuclear Core > --- PROPULSION ------- Light Treads Light Treads > --- UTILITY ---------- Improved Heat Sink Medium Storage Unit > --- WEAPON ----------- Particle Gun Particle Gun > --- INVENTORY -------- Light Ion Engine Improved Heat Sink Small Storage Unit Medium Matter Pod Assault Rifle Assault Rifle Assault Rifle Assault Rifle Assault Rifle Light Assault Rifle [Rating: 14] Favorites ----------- Power Light Nuclear Core Engine Light Ion Engine Power Core Light Nuclear Core Propulsion Light Treads Treads Light Treads Utility Improved Heat Sink Device Improved Heat Sink Storage Medium Storage Unit Weapon Particle Gun Energy Gun Particle Gun Ballistic Gun Assault Rifle Build | -11 -10 -10 ------- Run | Yrd Mat Min Slots Evolved . | . . . Power . | . . . Propulsion . | . . . Utility . | . . . Weapon . | . . . Parts Attached 14 | 6 8 . Power 2 | 1 1 . Engine 1 | 1 . . Core 1 | . 1 . Reactor . | . . . Propulsion 2 | 2 . . Treads 2 | 2 . . Leg . | . . . Wheel . | . . . Hover . | . . . Flight . | . . . Utility 5 | 1 4 . Device 2 | . 2 . Storage 3 | 1 2 . Processor . | . . . Hackware . | . . . Protection . | . . . Artifact . | . . . Weapon 5 | 2 3 . Energy Gun 2 | . 2 . Energy Cannon . | . . . Ballistic Gun 3 | 2 1 . Ballistic Cannon . | . . . Launcher . | . . . Special Weapon . | . . . Impact Weapon . | . . . Slashing Weapon . | . . . Piercing Weapon . | . . . Special Melee Weapon . | . . . Unidentified Prototypes . | . . . Parts Lost 5 | . 2 3 Power 1 | . 1 . Propulsion 2 | . . 2 Utility . | . . . Weapon 2 | . 1 1 Highest Loss Streak 3 | . 1 3 To Critical Strikes . | . . . Average Backups 7 | 1 8 9 Power . | . 1 1 Propulsion . | . . . Utility 2 | . 2 4 Weapon 4 | . 5 4 Tool/Special . | . . . Unused Backups 10 | . 3 7 Power 1 | . . 1 Propulsion . | . . . Utility 3 | . 1 2 Weapon 6 | . 2 4 Tool/Special . | . . . Average Slot Usage (%) 97 | . 96 98 Engine 5 | . 7 . Core 8 | . 6 14 Treads 27 | . 28 27 Device 13 | . 13 14 Storage 14 | . 14 14 Energy Gun 18 | . 14 27 Ballistic Gun 7 | . 10 . Peak Build Rating 14 | 6 14 13 Average Rating 10 | 3 10 12 On Entrance 6 | . 6 13 Avg Prop Armor Cover (%) . | . . . Naked Turns . | . . . Heaviest Build 32 | 11 32 32 Greatest Support 40 | 40 40 40 Greatest Overweight (x) . | . . . Average Overweight (x) . | . . . Largest Inventory Capacity 15 | 8 15 15 Average Capacity 10 | 5 10 15 Most Carried 10 | 3 10 9 Average Carried 7 | 1 8 9 Final Capacity 15 | 8 15 15 Final Carried 9 | 1 9 9 Class Distribution -------------------- 52% | Scavenger-Mutant 47% | Mutant Dominant Class ---------------- Mutant | -10/Materials Scavenger-Mutant | -10/Mines Resources | -11 -10 -10 ----------- Run | Yrd Mat Min Matter Collected 545 | 210 325 10 Remotely . | . . . Salvage Created 427 | . 295 132 Parts 28 | . 21 7 Haulers Intercepted . | . . . Recyclers Shooed . | . . . Parts Field Recycled . | . . . Retrieved Matter . | . . . Parts Self-Destructed . | . . . Prevented . | . . . Parts Restored . | . . . Kills | -11 -10 -10 ------- Run | Yrd Mat Min Combat Hostiles Destroyed 12 | . 6 6 Guns 12 | . 6 6 Classes Destroyed 6 | . 4 2 Worker 5 | . 3 2 Builder 2 | . 2 . Watcher 1 | . 1 . Swarmer 3 | . . 3 Grunt 8 | . 6 2 Assembled 1 | . . 1 Best Kill Streak 6 | . 6 4 Combat Bots Only 3 | . 2 3 Max Kills in Single Turn 6 | . 6 1 Gunslinging . | . . . Exploded . | . . . Melee . | . . . Uniques/NPCs Destroyed . | . . . Combat | -11 -10 -10 -------- Run | Yrd Mat Min Hostile Shots Fired 92 | . 49 43 Missed 25 | . 13 12 Hits 67 | . 36 31 Projectile 67 | . 36 31 Critical Strikes 1 | . 1 . Damage Taken 935 | . 585 350 Core 263 | . 141 122 Absorbed by Shields . | . . . Core Remaining (%) 100 | 100 . . Volleys Fired 56 | . 31 25 Largest 2 | . 2 2 Hottest 130 | . 85 130 Shots Fired 84 | . 46 38 Gun 84 | . 46 38 Cannon . | . . . Launcher . | . . . Special . | . . . Kinetic 39 | . 39 . Thermal 45 | . 7 38 Explosive . | . . . Electromagnetic . | . . . Robot Hit Streak 9 | . 9 8 Robot Miss Streak 3 | . 3 3 Penetration Max . | . . . Secondary Targets 4 | . 2 2 Max Gunslinging Chain 1 | . 1 1 Shots Hit Robots 55 | . 30 25 Core Hits 28 | . 18 10 Critical Kills . | . . . Critical Parts Destroyed . | . . . Critical Strikes . | . . . Melee Attacks . | . . . Impact . | . . . Slashing . | . . . Piercing . | . . . Sneak Attacks . | . . . Combat Hostiles . | . . . Follow-up Attacks . | . . . Damage Inflicted 1285 | . 893 392 Guns 761 | . 377 384 Cannons . | . . . Explosions 508 | . 508 . Melee . | . . . Ramming 16 | . 8 8 Kinetic 296 | . 296 . Thermal 973 | . 589 384 Explosive . | . . . Electromagnetic . | . . . Impact . | . . . Slashing . | . . . Piercing . | . . . Highest Corruption . | . . . Average Corruption . | . . . Corruption Purged . | . . . Corruption Blocked . | . . . Overload Shots . | . . . Overflow Damage 97 | . 97 . Projectiles . | . . . Explosions 97 | . 97 . Melee . | . . . Knockbacks 1 | . 1 . Impact 1 | . 1 . Kinetic . | . . . Secondary . | . . . Self-Inflicted Damage 130 | . 130 . Shots 2 | . 2 . Rammed 3 | . 3 . Targets Rammed 5 | . 3 2 Kicked . | . . . Crushed 2 | . . 2 Highest Temperature 198 | . 12 198 Average Temperature 64 | . 6 76 Received Heat Transfer 321 | . 282 39 Siege Activations . | . . . Martial Activations . | . . . Shielding Activations . | . . . Robots Disrupted . | . . . Combat Hostiles . | . . . Robots Corrupted . | . . . Combat Hostiles . | . . . Parts Fried . | . . . Impact Corruptions . | . . . Robots Melted . | . . . Combat Hostiles . | . . . Parts Melted 2 | . . 2 Heat Transferred 1560 | . 635 925 Parts Sabotaged . | . . . Parts Stolen . | . . . Parts Stripped . | . . . Power Chain Reactions . | . . . Alert | -11 -10 -10 ------- Run | Yrd Mat Min Maximum Alert Level 1 | . 1 . Low Security (%) 92 | 100 87 100 Level 1 7 | . 12 . Level 2 . | . . . Level 3 . | . . . Level 4 . | . . . Level 5 . | . . . High Security . | . . . Max Security . | . . . Peak Influence 220 | . 220 80 Initial 10 | . . 10 Average 79 | . 112 28 Influence Increases 485 | . 355 130 Destroy 0b10 Robot/C 220 | . 120 100 Destroy 0b10 Robot/NC 40 | . 30 10 Destroy Leader 52 | . 32 20 Successful Hack 5 | . 5 . Disable Machine 135 | . 135 . Destroy Structure 33 | . 33 . Influence Decreases 485 | . 328 157 Entered New Map 17 | . . 17 Time Decay 448 | . 308 140 Lost Part 20 | . 20 . Squads Dispatched . | . . . Investigation . | . . . Extermination . | . . . Reinforcement . | . . . Assault . | . . . Garrison . | . . . Intercept . | . . . Searches Triggered . | . . . Construction Impeded . | . . . Haulers Reinforced . | . . . Active Scanning Responses . | . . . Cargo Convoy Interrupts . | . . . Stealth | -11 -10 -10 --------- Run | Yrd Mat Min Distress Signals 2 | . 1 1 Communications Jammed . | . . . Distress Signals . | . . . Times Spotted 18 | . 11 7 Peak Tracking Total 4 | . 4 3 Tactical Retreats . | . . . Traps | -11 -10 -10 ------- Run | Yrd Mat Min Traps Triggered . | . . . Indirectly . | . . . Trap Hack Attempts . | . . . Triggered . | . . . Disarmed . | . . . Reprogrammed . | . . . Reused . | . . . Traps Extracted . | . . . Installed . | . . . Triggered . | . . . Machines | -11 -10 -10 ---------- Run | Yrd Mat Min Machines Disabled 9 | . 9 . Max in Single Turn 9 | . 9 . Machines Repaired . | . . . Machines Dismantled . | . . . Machines Sabotaged . | . . . Overloaded Fab Kills . | . . . Hacking | -11 -10 -10 --------- Run | Yrd Mat Min Machines Accessed 2 | . 2 . Terminals 1 | . 1 . Fabricators . | . . . Repair Stations . | . . . Recycling Units 1 | . 1 . Scanalyzers . | . . . Garrison Access . | . . . Total Hacks 3 | . 3 . Successful 3 | . 3 . Failed . | . . . Catastrophic . | . . . Database Lockouts . | . . . Manual . | . . . Terminals 1 | . 1 . Fabricators . | . . . Repair Stations . | . . . Recycling Units 2 | . 2 . Scanalyzers . | . . . Garrison Access . | . . . Terminal Hacks 1 | . 1 . Zone Layout 1 | . 1 . Fabricator Hacks . | . . . Repair Station Hacks . | . . . Recycling Unit Hacks 2 | . 2 . Recycle Component 2 | . 2 . Scanalyzer . | . . . Garrison Access Hacks . | . . . Unauthorized Hacks . | . . . Terminals . | . . . Fabricators . | . . . Repair Stations . | . . . Recycling Units . | . . . Scanalyzers . | . . . Garrison Access . | . . . Data Cores Recovered . | . . . Used . | . . . Hacking Detections . | . . . Full Trace Events . | . . . Feedback Events . | . . . Feedback Blocked . | . . . Robot Schematics Acquired . | . . . Robots Built . | . . . Authchips . | . . . Time . | . . . Total Robot Build Rating . | . . . Part Schematics Acquired . | . . . Parts Built . | . . . Authchips . | . . . Time . | . . . Total Part Build Rating . | . . . Part Studies Acquired . | . . . Parts Repaired . | . . . Time . | . . . Parts Recycled 2 | . 2 . Recycled Matter . | . . . Retrieved Matter . | . . . Retrieved Components . | . . . Parts Scanalyzed . | . . . Part Schematics Acquired . | . . . Parts Damaged . | . . . Bothacking | -11 -10 -10 ------------ Run | Yrd Mat Min Used RIF Installer . | . . . Robots Hacked . | . . . Non-combat . | . . . Combat . | . . . Robot Hacks Applied . | . . . Relay Couplers Released . | . . . Fabnet Peak Effective % . | . . . Robots Rewired . | . . . Allies Hacked . | . . . Hacks Repelled . | . . . Allies | -11 -10 -10 -------- Run | Yrd Mat Min Total Allies . | . . . Largest Group . | . . . Highest-Rated Group . | . . . Highest-Rated Ally . | . . . Total Orders . | . . . Ally Attacks . | . . . Total Damage . | . . . Kills . | . . . Allies Corrupted . | . . . Allies Melted . | . . . Intel | -11 -10 -10 ------- Run | Yrd Mat Min Active Infowar (turns) . | . . . Robot Analysis Total . | . . . Derelict Logs Recovered . | . . . Drone Launches . | . . . Drone Recoveries . | . . . Exploration | -11 -10 -10 ------------- Run | Yrd Mat Min Turns Passed 1327 | 133 855 339 Spaces Moved 717 | 94 457 166 Core 27 | 27 . . Treads 690 | 67 457 166 Legs . | . . . Wheels . | . . . Hover . | . . . Flight . | . . . Fastest Speed 50 | 50 160 160 Average Speed 155 | 128 160 160 Slowest Speed 160 | 160 160 160 Overloaded Moves . | . . . Propulsion Burnouts . | . . . Robots Hopped . | . . . Potential Cave-ins . | . . . Cave-ins Triggered . | . . . Exploration Rate (%) 36 | 6 73 29 Regions Visited 2 Branch Regions 1 Pre-discovered Areas . | . . . Known Exits Taken . | . . . Unknown Exits Taken 2 | 1 1 . Scrap Searched . | . . . Spaces Dug . | . . . Terrain Destroyed 36 | . 36 . Melee . | . . . Projectile . | . . . AOE 36 | . 36 . Terrain Rammed . | . . . Walls Destroyed . | . . . Machines Disabled . | . . . Actions | -11 -10 -10 --------- Run | Yrd Mat Min Total 840 | 106 533 201 Wait 26 | . 18 8 Move 715 | 93 456 166 Hop . | . . . Pick Up 17 | 7 10 . Fast Attach 4 | . 4 . Attach 6 | 6 . . Detach 1 | . 1 . Swap 5 | . 5 . Drop 5 | . 5 . Fire 56 | . 31 25 Melee . | . . . Ram . | . . . Kick . | . . . Crush 5 | . 3 2 Escape Stasis . | . . . Rewire . | . . . Trap . | . . . Miscellaneous . | . . . Route ------- -11/Scrapyard -10/Materials (discovered 3 exits: [*Mat x2] / [*Min]) -10/Mines History --------- Turn | Location | Event 16 | -11/Scrapyard | Discovered new exit (range 15) 134 | -11/Scrapyard | Entered Materials 318 | -10/Materials | Build established: Mutant 362 | -10/Materials | Discovered new exit (range 8) 508 | -10/Materials | Discovered new exit (range 12) 584 | -10/Materials | Core integrity fell below 50% 816 | -10/Materials | Discovered new exit (range 7) 918 | -10/Materials | Build established: Scavenger-Mutant 989 | -10/Materials | Entered Mines 1050 | -10/Mines | Assembled infested the area 1309 | -10/Mines | Core integrity fell below 20% 1328 | -10/Mines | Destroyed by as-90860 with Assembled Rifle Last Messages --------------- 00998_ Switching to secondary target: S-10 Pest. 01004_ S-10 Pest destroyed. 01009_ Acquired 10 matter. 01050_ ALERT: Infestation in the mines, dispatching Demolisher response squad. 01082_ T-07 Excavator is excavating. 01162_ Lgt. Nuclear Core melted. 01162_ G-47 Trooper destroyed. 01166_ K-01 Serf collects debris. 01168_ Ion Engine melted. 01168_ G-34 Mercenary destroyed. 01169_ K-01 Serf collects debris. 01171_ Crushed K-01 Serf. 01171_ K-01 Serf destroyed. 01173_ Crushed K-01 Serf. 01173_ K-01 Serf destroyed. 01302_ Lgt. Treads destroyed. 01304_ Particle Gun destroyed. 01305_ as-45867 destroyed. 01326_ Lgt. Treads destroyed. Map ----- +----------------------------------------------------+ | ????????????????????#### =######### #????????????? | | ???????????????????????####???????# #????????????? | | ??????????????????????????????????# #????????????? | | ??????????????????????????????????# #????????????? | | ??????????????????????????????????# #????????????? | | ??????????????????????????????????# #????????????? | | ??????????????????????????????????# #????????????? | | ??????????????????????????????????# #????????????? | | ??????????????????????????????????# #????????????? | | ????????????????????????????# ##### #####????????? | | ???????????????????????###??# #????????? | | ????????????????????? #?# #????????? | | ???????????????????? ?########### #????????? | | ?????????????????#??# < ???????????# #????????? | | ????????????????? ### ???????##### #????????? | | ????????????????? ??????## #####????? | | ?????????????????? ?????## ##???? | | ??????????????????? ?????# #???? | | ???????????????????? ?????# #???? | | ????????????????????? ?????# ##???? | | ?????????????????????? ?????# #????? | | ??????????????????????? a #?????# ## #????? | | ???????????????????????#%$#?????####?## ##???? | | ???????????????????????# ####????????### ##??? | | ???????????????????????# # ####???????# #??? | | ???????????????????????# @ ##?????## #??? | | ???????????????????????# #??#### ##??? | | ???????????????????????##### """ #### ##???? | | ???????????????????????????# """ ## ###????? | | ??????????????????????????## """ ##??????? | | ?????????????????????????## """ ## ##??????? | | ?????????????????????????# #### #??????? | | ?????????????????????????# ##??## #??????? | | ?????????????????????????## ##????####??????? | | ??????????????????????????## ##???????????????? | | ???????????????????????????## ##????????????????? | | ????????????????????????????####?????????????????? | | ?????????????????????????????????????????????????? | | ?????????????????????????????????????????????????? | | ?????????????????????????????????????????????????? | | ?????????????????????????????????????????????????? | | ?????????????????????????????????????????????????? | | ?????????????????????????????????????????????????? | | ?????????????????????????????????????????????????? | | ?????????????????????????????????????????????????? | | ?????????????????????????????????????????????????? | | ?????????????????????????????????????????????????? | | ?????????????????????????????????????????????????? | | ?????????????????????????????????????????????????? | | ?????????????????????????????????????????????????? | +----------------------------------------------------+ Best States ------------- Heat Dissipation 39 Energy Generation 14 Energy Capacity 160 Matter Stores 300 Matter Capacity 300 Sight Range 16 Terrain Scan Density 10 Evasion (%) 50 Recoil Reduction 2 Item Schematics ----------------- None Robot Schematics ------------------ None Fabricated ------------ Nothing Repaired ---------- Nothing Studied --------- None Alien Tech Used ----------------- None Achievements -------------- DATA ERROR: Steam Global Achievement% For Emergencies Only Challenges ------------ None Game ------ Seed SalvagingMediumReplicator Manual? 0 Play Time 00:13:17 Cumulative 6.0 hours Start 2025.11.30 @ 01:47:19 End 2025.11.30 @ 02:01:01 Sessions 1 Manual Loads 0 Difficulty Rogue Special Mode None Game No. 14 Rogue 14 Adventurer 0 Explorer 0 Win Type - Total 0 Types 0/0/0/0/0/0/0/0/0/0 Lore% 0 Gallery% 9 Achievement% 5 Wizard Run 0 Options --------- Layout 1 ASCII 0 Keyboard 0 Movement Arrows Keybinds 0 Fullscreen 1 Font 24/Smallcaps Map View 50x35 Zoom Use 22% Tactical HUD 1 Map Filters NONE Filters NONE Steam 1 RUN: 893ac1a3-8958-458e-b0ee-145901c36213